 Dungeon Crawl Stone Soup version 0.28.0-47-ge53b351184 (webtiles) character file.

Game seed: 14101903732426334115

2799 Bruhh the Fighter (level 9, -3/99 (106) HPs)
             Began as an Ogre Earth Elementalist on Apr 28, 2022.
             Was an Initiate of Cheibriados.
             Slain by a wight
             ... wielding a +1 halberd
              (16 damage)
             ... on level 7 of the Dungeon.
             The game lasted 00:12:24 (8792 turns).

Bruhh the Fighter (Ogre Earth Elementalist)         Turns: 8792, Time: 00:12:25

HP:   -3/99 (106)   AC:  3    Str: 15    XL:     9   Next: 71%
MP:   0/21          EV:  9    Int: 21    God:    Cheibriados [......]
Gold: 335           SH:  0    Dex: 10    Spells: 20/24 levels left

rFire   . . .      SeeInvis .   (no weapon)
rCold   . . .      Faith    .   (no shield)
rNeg    + . .      Spirit   .   b - +0 robe
rPois   .          Reflect  .   (helmet restricted)
rElec   .          Harm     .   (no cloak)
rCorr   .          Rampage  .   (gloves unavailable)
Will    .....                   (boots unavailable)
Stlth   ++........              (no amulet)
HPRegen 0.26/turn               k - ring of positive energy
MPRegen 0.17/turn               (no ring)

@: very slightly contaminated, drained, very slow
A: large, unfitting armour, tough skin 1
a: Renounce Religion


You were on level 7 of the Dungeon.
You worshipped Cheibriados.
Cheibriados was noncommittal.
You visited 2 branches of the dungeon, and saw 8 of its levels.

You collected 335 gold pieces.

Inventory:

Missiles
 o - 26 stones
 v - a throwing net
Armour
 b - a +0 robe (worn)
Jewellery
 k - a ring of positive energy (left hand)
 m - a ring of willpower
 p - an amulet of reflection
Wands
 c - a wand of flame (23)
Scrolls
 a - 2 scrolls of fear {unknown}
 d - 6 scrolls of identify {unknown}
 e - a scroll of enchant weapon {unknown}
 g - 2 scrolls of teleportation {unknown}
 h - 2 scrolls of fog {unknown}
 i - a scroll of torment {unknown}
 s - 2 scrolls of enchant armour {unknown}
 t - 2 scrolls of brand weapon {unknown}
Potions
 f - a potion of attraction {unknown}
 j - 2 potions of mutation {unknown}
 l - a potion of berserk rage {unknown}
 n - 3 potions of curing {unknown}
 q - 2 potions of resistance {unknown}
 r - a potion of lignification {unknown}
 u - a potion of degeneration {unknown}
 w - 2 potions of heal wounds {unknown}
 x - a potion of magic {unknown}


   Skills:
 + Level 12.2 Fighting
 - Level 1.7 Dodging
 - Level 1.4 Stealth
 - Level 8.0 Spellcasting
 - Level 4.0 Conjurations
 - Level 0.8 Transmutations
 - Level 4.0 Earth Magic


You had 20 spell levels left.
You knew the following spells:

 Your Spells              Type           Power      Damage    Failure   Level
a - Sandblast             Erth           50%        2d12      1%          1
b - Stone Arrow           Conj/Erth      50%        3d10      4%          3

Your spell library contained the following spells:

 Spells                   Type           Power      Damage    Failure   Level
 Passwall                 Tmut/Erth      15%        N/A       4%          2
 Call Canine Familiar     Summ           8%         N/A       24%         3
 Portal Projectile        Hex/Tloc       16%        N/A       24%         3
 Petrify                  Tmut/Erth      18%        N/A       28%         4
 Leda's Liquefaction      Hex/Erth       8%         N/A       34%         4


Dungeon Overview and Level Annotations

Branches:
Dungeon (7/15)             Temple (1/1) D:5

Altars:
Ashenzari
Cheibriados
Dithmenos
Elyvilon
Fedhas
Gozag
Hepliaklqana
Kikubaaqudgha
Makhleb
Nemelex Xobeh
Okawaru
Qazlal
Ru
Sif Muna
Trog
Uskayaw
Vehumet
Wu Jian
Xom
Yredelemnul
Zin
The Shining One

Shops:
D:4 *!=[


Innate Abilities, Weirdness & Mutations

You are too large for most types of armour.
You have tough skin. (AC +1)


Message History

Aim: a wight, wielding a +4 dire flail and wearing a +0 robe (moderately damaged, 71% to hit)
You miscast Stone Arrow.
You are very lightly contaminated with residual magic.
Nothing appears to happen.
The wight barely misses you. x2
The wight hits you but does no damage.
Casting: Stone Arrow (mildly dangerous; 4% risk of failure)
Confirm with . or Enter, or press ? or * to list all spells.
Aiming: Stone Arrow (mildly dangerous; 4% risk of failure)
Press: ? - help, Shift-Dir - straight line, f/p - wight
Aim: a wight, wielding a +4 dire flail and wearing a +0 robe (moderately damaged, 71% to hit)
The stone arrow hits the wight!
You destroy the wight!
Cheibriados thoroughly appreciates the change of pace.
The wight barely misses you. The wight closely misses you.
The wight hits you from afar with a +1 halberd!
Casting: Stone Arrow (mildly dangerous; 4% risk of failure)
Confirm with . or Enter, or press ? or * to list all spells.
Aiming: Stone Arrow (mildly dangerous; 4% risk of failure)
Press: ? - help, Shift-Dir - straight line, f - wight
Aim: a wight, wielding a +4 hand axe and wearing a +0 robe (71% to hit)
The stone arrow hits the wight.
The wight is moderately damaged.
The wight barely misses you. The wight hits you with a +4 hand axe!
* * * LOW HITPOINT WARNING * * *
The wight completely misses you.
Casting: Stone Arrow (mildly dangerous; 4% risk of failure)
Confirm with . or Enter, or press ? or * to list all spells.
Aiming: Sandblast (safe; 1% risk of failure)
Press: ? - help, Shift-Dir - straight line, f/p - wight
Aim: a wight, wielding a +4 hand axe and wearing a +0 robe (moderately damaged, 81% to hit)
The blast of sand hits the wight.
The wight is moderately damaged.
The wight hits you with a +4 hand axe.
* * * LOW HITPOINT WARNING * * *
You partially resist.
You feel drained. The wight hits you with a +6 flail!
* * * LOW HITPOINT WARNING * * *
You partially resist.
You feel drained.
* * * LOW HITPOINT WARNING * * *
The wight hits you from afar with a +1 halberd!
You die...

### #.####################
#.....................
#####.####################
#..........# #.##.#####.#
#....#...# #.#.#.....#
#.)....#)@#
#......#zz#######
#..⌠...#..z......
#...........=....
..................
.#...........#+###
##...#.##...# ...........#
...###..#...#


You could see 3 wights.

Vanquished Creatures
  A gargoyle (D:6)
  Grinder (D:3)
  Sigmund (D:3)
  2 sky beasts
  An ice beast (D:5)
  An orc warrior (D:6)
  4 ogres
  2 centaurs
  3 phantoms
  A wyvern zombie (D:5)
  A scorpion (D:7)
  A water moccasin skeleton (D:5)
  2 wights (D:7)
  2 jellies
  5 orc priests
  3 hounds
  Crazy Yiuf (D:4)
  Natasha (thrice) (D:2)
  7 orc wizards
  A hound skeleton (D:5)
  7 gnolls (D:2)
  5 adders
  2 shadow imps
  A white imp (D:5)
  An ufetubus (D:5)
  A worm (D:2)
  3 dart slugs
  12 orcs
  A ball python (D:4)
  6 endoplasms
  6 giant cockroaches
  8 goblins
  5 hobgoblins
  A quokka (D:3)
  10 bats
  5 frilled lizards
  3 kobolds
  9 rats
129 creatures vanquished.

Vanquished Creatures (others)
  5 plants (D:2)
5 creatures vanquished.

Grand Total: 134 creatures vanquished

Notes
Turn   | Place    | Note
-------+----------+-------------------------------------------
     0 | D:1      | Bruhh the Ogre Earth Elementalist began the quest for the
                  | Orb.
     0 | D:1      | Reached XP level 1. HP: 16/16 MP: 3/3
   118 | D:1      | Reached XP level 2. HP: 24/24 MP: 3/5
   409 | D:1      | You fall into a shaft and drop 1 floor!
   769 | D:1      | Reached XP level 3. HP: 31/31 MP: 5/7
  1312 | D:2      | Reached XP level 4. HP: 39/39 MP: 5/9
  1458 | D:2      | Reached XP level 5. HP: 43/45 MP: 3/11
  1551 | D:2      | Found a faded altar of an unknown god.
  1578 | D:2      | Noticed Natasha
  1582 | D:2      | Killed Natasha
  1657 | D:2      | Noticed Natasha
  1661 | D:2      | Killed Natasha
  1662 | D:2      | Reached skill level 5 in Spellcasting
  1682 | D:2      | Noticed Natasha
  1684 | D:2      | Killed Natasha
  1705 | D:2      | Learned a level 3 spell: Stone Arrow
  1906 | D:3      | Reached XP level 6. HP: 53/53 MP: 9/14
  1911 | D:3      | Reached skill level 1 in Conjurations
  2026 | D:3      | Noticed Grinder
  2040 | D:3      | Killed Grinder
  2041 | D:3      | Reached XP level 7. HP: 45/59 MP: 0/16
  2362 | D:3      | Noticed Sigmund
  2366 | D:3      | Killed Sigmund
  3326 | D:4      | Found Hiemamoi's Distillery.
  3364 | D:4      | Found Mobosili's Jewellery Shop.
  3910 | D:4      | Reached XP level 8. HP: 67/67 MP: 8/19
  4137 | D:4      | Found a runed translucent door.
  4138 | D:4      | Noticed Crazy Yiuf
  4171 | D:4      | Found Omopules's General Store.
  4375 | D:4      | Found Naidduo's Armour Emporium.
  4385 | D:4      | Reached skill level 2 in Fighting
  4617 | D:4      | Killed Crazy Yiuf
  4705 | D:5      | Entered Level 5 of the Dungeon
  4714 | D:5      | Reached skill level 3 in Fighting
  4728 | D:5      | Reached skill level 4 in Fighting
  5036 | D:5      | Reached skill level 5 in Fighting
  5267 | D:5      | Reached skill level 6 in Fighting
  5403 | D:5      | Reached skill level 7 in Fighting
  6039 | D:5      | Reached skill level 8 in Fighting
  6161 | D:5      | Reached XP level 9. HP: 51/97 MP: 12/21
  6451 | D:5      | Found a staircase to the Ecumenical Temple.
  6455 | Temple   | Entered the Ecumenical Temple
  6966 | Temple   | Became a worshipper of Cheibriados the Contemplative
  7146 | D:6      | Reached skill level 9 in Fighting
  7363 | D:6      | Reached skill level 10 in Fighting
  8187 | D:6      | Reached skill level 11 in Fighting
  8264 | D:6      | Found a sparkling altar of Nemelex Xobeh.
  8273 | D:6      | Found a glowing golden altar of the Shining One.
  8410 | D:6      | Noticed a gargoyle
  8415 | D:6      | Killed a gargoyle
  8754 | D:7      | Reached skill level 12 in Fighting
  8792 | D:7      | Slain by a wight

Illustrated notes

Levels and vault maps discovered:
D:1:      dpeg_arrival_rooms_c, layout_basic, serial_curves, eino_curves_02,
          eino_curves_02, eino_curves_04, eino_curves_02
D:2:      layout_basic, shapermc_ecumenical_altar_petra, serial_bayou_pond_c,
          uniq_natasha
D:3:      layout_loops_ring, serial_rivers, chequers_serial_rivers_room_b,
          chequers_serial_rivers_room_b, chequers_serial_rivers_micro_c,
          chequers_serial_rivers_micro_c, chequers_serial_rivers_room_a,
          chequers_serial_rivers_micro_a, uniq_grinder, uniq_sigmund
D:4:      layout_loops_corners, serial_shops,
          nicolae_shop_temple_entry_statues_fountains, shop,
          nicolae_shop_behind_doors, kennysheep_mini, uniq_crazy_yiuf_cottage
D:5:      layout_loops_ring, temple_hall_moat
D:6:      layout_basic, mainiacjoe_overflow_swirl, interstate_on_off
D:7:      minmay_the_grid_triangle_9x9_rhombus_full
          [minmay_the_grid_triangle_9x9_from_above,
          minmay_the_grid_triangle_9x9_zippers_vertical,
          minmay_the_grid_triangle_9x9_corrupted_corridor,
          minmay_the_grid_triangle_9x9_minimal,
          minmay_the_grid_triangle_9x9_intruding_spiral,
          minmay_the_grid_triangle_9x9_zippers_horizontal,
          minmay_the_grid_triangle_9x9_pentomino_pain,
          minmay_the_grid_triangle_9x9_prize_schism], layout_basic,
          solitary_fountain, minmay_misc_feat_five,
          minmay_misc_feat_more_columns
Temple:   mainiacjoe_temple_cubbyholes

Skill      XL: |  1  2  3  4  5  6  7  8  9 |
---------------+----------------------------+-----
Earth Magic    | 3 4 |  4.0
Spellcasting   | 3 4 5 6 7 8 |  8.0
Conjurations   | 3 4 |  4.0
Fighting       | 8 12 | 12.2
Dodging        | |  1.7
Stealth        | |  1.4
Transmutations | |  0.8

Action                   |  1- 3 |  4- 6 |  7- 9 || total
-------------------------+-------+-------+-------++-------
Melee: Unarmed           |     9 |     3 |    27 ||    39
 Cast: Sandblast         |    56 |    32 |    57 ||   145
       Stone Arrow       |       |     7 |   101 ||   108
Evoke: Wand              |       |       |     1 ||     1
Armor: Robe              |     9 |     3 |    23 ||    35
Dodge: Dodged            |    18 |     2 |    51 ||    71
